 Dungeon Crawl Stone Soup version 0.18-a0-824-g47fe746 (webtiles) character file.

142 patman the Ruffian (level 5, -2/45 HPs)
             Began as a Ghoul Monk on Dec 17, 2015.
             Slain by a centaur
             ... wielding a cursed -2 shortbow
              (9 damage)
             ... on level 5 of the Dungeon.
             The game lasted 00:03:32 (750 turns).

patman the Ruffian (Ghoul Monk)                      Turns: 750, Time: 00:03:33

Health: -2/45      AC:  2    Str: 15    XL:     5   Next: 25%
Magic:  4/4        EV: 12    Int:  5    God:
Gold:   77         SH:  0    Dex: 12    Spells: 0 memorised, 4 levels left

rFire  . . .     SeeInvis .       - Unarmed
rCold  + . .     Gourm    .     a - +0 robe
rNeg   + + +     Faith    .     (no shield)
rPois  ∞         Spirit   .     (no helmet)
rElec  .         Dismiss  .     (no cloak)
rCorr  .         Reflect  .     (no gloves)
SustAt .         Harm     .     (no boots)
MR     .....                    (no amulet)
Stlth  ++........               (no ring)
                                (no ring)

@: rotting, not resistant to hostile enchantments, unstealthy
A: rotting body, claws 1, carnivore 3, cold resistance 1, negative energy
resistance 3, slow regeneration 1, torment resistance, unbreathing
a: no special abilities


You were on level 5 of the Dungeon.
You were not hungry.

You visited 1 branch of the dungeon, and saw 5 of its levels.

You collected 77 gold pieces.

Inventory:

Missiles
 h - 3 tomahawks (quivered)
Armour
 a - a +0 robe (worn)
Scrolls
 c - a scroll of random uselessness {unknown}
 d - a scroll of recharging {unknown}
 e - a scroll of identify {unknown}
 g - a scroll of noise {unknown}
 i - a scroll of enchant armour {unknown}
Potions
 f - a potion of haste {unknown}
 j - a potion of curing {unknown}
Comestibles
 b - a meat ration


   Skills:
 - Level 3.2 Fighting
 - Level 2.6 Dodging
 - Level 2.1 Stealth
 + Level 7.0 Unarmed Combat


You had 4 spell levels left.
You didn't know any spells.

Dungeon Overview and Level Annotations

Branches:
Dungeon (5/15)
 Temple: D:4-7

Altars:
Qazlal


Innate Abilities, Weirdness & Mutations

Your body is rotting away.
You thrive on raw meat.
You are immune to poison.
You have sharp fingernails.
You are carnivorous and can eat meat at any time.
Your flesh is cold resistant.
You are immune to negative energy.
You regenerate slowly when monsters are visible.
You are immune to unholy pain and torment.
You can survive without breathing.


Message History

You scratch the centaur.
The centaur is severely wounded.
The centaur closely misses you.
You scratch the centaur but do no damage.
The centaur is severely wounded.
The centaur hits you with a shortbow.
You barely miss the centaur.
The centaur is severely wounded.
The centaur barely misses you.
You scratch the centaur but do no damage.
The centaur is severely wounded.
The centaur closely misses you.
You scratch the centaur but do no damage.
The centaur is severely wounded.
The centaur hits you with a shortbow!
* * * LOW HITPOINT WARNING * * *
You barely miss the centaur.
The centaur is severely wounded.
The centaur hits you with a shortbow!
You die...

######### ########
#.......#
#......#####.#####.#
#....#............
#.#....###.#####.# #
#....### #.#####.#
#.##.#.# #.(@c...#
#......# #########
####.######
#.......# ###.
#.##.##.########..
#.#...#.##.....#.#
#.#...#.##.....#.##
#.#...#.##.........
#.
#.......##.....#.#
.#


You could see a centaur.

Vanquished Creatures
  A giant frog zombie (D:5)
  An orc wizard (D:4)
  A jelly (D:5)
  2 adders (D:5)
  An adder zombie (D:5)
  A worm (D:3)
  8 orcs
  2 bats
  A giant cockroach (D:2)
  4 kobolds
  2 giant newts
  A quokka (D:4)
  2 rats
27 creatures vanquished.

Notes
Turn   | Place    | Note
--------------------------------------------------------------
     0 | D:1      | patman the Ghoul Monk began the quest for the Orb.
     0 | D:1      | Reached XP level 1. HP: 19/19 MP: 0/0
   125 | D:2      | Reached XP level 2. HP: 5/26 MP: 1/1
   180 | D:2      | Reached skill level 5 in Unarmed Combat
   207 | D:3      | Found a stormy altar of Qazlal.
   361 | D:4      | Reached XP level 3. HP: 13/31 MP: 2/2
   400 | D:4      | Reached skill level 6 in Unarmed Combat
   400 | D:4      | Reached XP level 4. HP: 25/38 MP: 3/3
   481 | D:5      | Entered Level 5 of the Dungeon
   660 | D:5      | Reached XP level 5. HP: 30/45 MP: 4/4
   666 | D:5      | Reached skill level 7 in Unarmed Combat
   739 | D:5      | Noticed a centaur
   750 | D:5      | Slain by a centaur

Vault maps used:
D:1:      minmay_arrival_semitransparent, monster_avoids_cloud
D:2:      ashenzari_altar_1, led_sif_pool
D:3:      old_standard_altar, nicolae_overflow_hidden_temple, ecumenical_altar_2
D:4:      nicolae_gozag_cash_rules_everything_around_me, lemuel_doored_altar,
          minmay_temple_entry_overgrown, makhleb_blood_cavern_becter
D:5:      nicolae_ru_awakened_eye, zin_purify, first_bread,
          kennysheep_cross_room

Action                   |  1- 3 |  4- 6 || total
-------------------------+-------+-------++-------
Melee: Unarmed           |    75 |    36 ||   111
  Eat: Chunk             |    12 |     3 ||    15
